 Dungeon Crawl Stone Soup version 0.30.1-11-g7821555f0a (webtiles) character file.

Game seed: 7967320838122601498

1203 Scypho the Skirmisher (level 8, -27/44 HPs)
             Began as a Kobold Hunter on Dec 1, 2023.
             Killed from afar by an acid dragon (38 damage)
             ... with a splash of acid
             ... on level 5 of the Dungeon.
             The game lasted 00:26:45 (5303 turns).

Scypho the Skirmisher (Kobold Hunter)               Turns: 5303, Time: 00:26:45

Health: -27/44     AC:  4    Str: 14      XL:     8   Next: 73%
Magic:  8/8        EV: 14    Int: 10      God:
Gold:   180        SH:  0    Dex: 12 (21) Spells: 4/7 levels left

rFire   . . .        a - +1 shortbow (drain)
rCold   . . .        (shield currently unavailable)
rNeg    . . .        c - +0 leather armour
rPois   .            (no helmet)
rElec   .            (no cloak)
rCorr   .            (no gloves)
SInv    .            u - +0 pair of boots
Will    .....        (no amulet)
Stlth   ++++         e - +6 ring of strength
HPRegen 0.27/turn    q - ring of wizardry
MPRegen 0.11/turn

%: wizardry (x1)
@: hasted, very quick
A: small, no large weapons, nightstalker 3
a: no special abilities


You were on level 5 of the Dungeon.
You visited 2 branches of the dungeon, and saw 6 of its levels.
You also visited: Sewer.

You collected 206 gold pieces.
You spent 26 gold pieces at shops.

Inventory:

Hand Weapons
 a - a +1 shortbow of draining (weapon)
 f - a +0 dagger
Armour
 c - a +0 leather armour (worn)
 u - a +0 pair of boots (worn)
 x - the +8 chain mail "Foropat" {*Corrode Str+3 Dex+6}
   (You found it on level 4 of the Dungeon)

   Str:       It affects your strength (+3).
   Dex:       It affects your dexterity (+6).
   *Corrode:  It may corrode you when you take damage.
Jewellery
 e - a +6 ring of strength (left hand)
 q - a ring of wizardry (right hand)
 y - a ring of positive energy
Wands
 h - a wand of iceblast (2)
Scrolls
 b - 2 scrolls of immolation
 d - a scroll of enchant weapon
 g - a scroll of vulnerability
 n - a scroll of fear
Potions
 i - a potion of might
 j - 6 potions of mutation
 k - a potion of brilliance {unknown}
 l - a potion of haste
 m - a potion of experience {unknown}
 v - 2 potions of flight


   Skills:
 - Level 2.1 Fighting
 * Level 11.7 Ranged Weapons
 - Level 2.4 Dodging
 + Level 8.0 Stealth


You had 4 spell levels left.
You knew the following spells:

 Your Spells              Type           Power      Damage    Failure   Level
a - Swiftness             Air            0%         N/A       47%         3

Your spell library contained the following spells:

 Spells                   Type           Power      Damage    Failure   Level
 Ensorcelled Hibernation  Hex/Ice        0%         N/A       28%         2
 Passwall                 Tmut/Erth      0%         N/A       28%         2


Dungeon Overview and Level Annotations

Branches:
Dungeon (5/15)             Temple (1/1) D:5           Sewer (visited)

Altars:
Cheibriados
Elyvilon
Gozag
Hepliaklqana
Kikubaaqudgha
Makhleb
Nemelex Xobeh
Okawaru
Qazlal
Ru
Trog
Uskayaw
Vehumet
Yredelemnul
Zin
The Shining One

Shops:
D:2 !((*

Annotations:
D:4 Eustachio
D:5 insertapun's ghost, weakling SpDe


Innate Abilities, Weirdness & Mutations

You are small and have problems with some larger weapons.
You are completely attuned to the shadows.


Message History

Ouch! That really hurt!
* * * LOW HITPOINT WARNING * * *
You are too injured to fight recklessly!
It was a potion of haste.
You feel yourself speed up. The acid dragon bites you.
* * * LOW HITPOINT WARNING * * *
The acid dragon completely misses you. The sleepcap completely misses you.
Insertapun's ghost hits you.
* * * LOW HITPOINT WARNING * * *
Fire: a) +1 shortbow (drain)
Press: ? - help, Q - select action, (/) - cycle Shift-Dir - straight line, f/p - acid dragon
Aim: an acid dragon (heavily wounded, heavily drained, 65% to hit)
You shoot an arrow. The arrow hits the acid dragon.
The acid dragon closely misses you. The acid dragon claws you.
* * * LOW HITPOINT WARNING * * *
The sleepcap releases spores at you but does no damage.
Insertapun's ghost hits you but does no damage.
Fire: a) +1 shortbow (drain)
Press: ? - help, Q - select action, (/) - cycle Shift-Dir - straight line, f/p - acid dragon
Aim: an acid dragon (severely wounded, heavily drained, 65% to hit)
You shoot an arrow.
The arrow barely misses the acid dragon.
The arrow barely misses the scorpion.
Fire: a) +1 shortbow (drain)
Press: ? - help, Q - select action, (/) - cycle Shift-Dir - straight line, f/p - acid dragon
Aim: an acid dragon (severely wounded, heavily drained, 65% to hit)
You shoot an arrow. The arrow hits the acid dragon.
The acid dragon closely misses you. The acid dragon barely misses you.
Insertapun's ghost keens inconsolably.
Insertapun's ghost barely misses you. The sleepcap closely misses you.
Fire: a) +1 shortbow (drain)
Press: ? - help, Q - select action, (/) - cycle Shift-Dir - straight line, f/p - acid dragon
Aim: an acid dragon (severely wounded, heavily drained, 65% to hit)
You shoot an arrow.
The arrow closely misses the acid dragon.
The arrow hits the scorpion.
The acid dragon spits acid at you. The splash of acid hits you!!!
Ouch! That really hurt!
You die...

*,,,,,,,,,,,,,,,,,,,,,,,,,
*,,,,,,,,,,,,,,,*,<*...,,,
*,*,,,,,,**,*,,.#.,.......
*,,,,,,,,,,,,,,....#.#....
*,*,,.#,....#.#.#.##.#....
*,,,,.........#.#.........
***,*#..#...#.#.#..#......
*,*#....W.....#..###....
**,,....@Ds.......#......
*,,,....#f......#.#......
*,,,....###'''###.#$.....
*,,,....##.....##.#....#.
*,,,....#..._.$.#,*...#>#
*,,,,,,,#8$$8.W8#**,...#.
*,,,,,,,*,,,,,,∩* *,,....
*******,,**,8∩8∩****,,,,,,
*,,,,,,,,,********,,,,,,,,


You could see an acid dragon (catching breath, very drained), a sleepcap, a
scorpion and insertapun's ghost.

Vanquished Creatures
  Grinder (Sewer)
  Sigmund (D:4)
  An ogre (D:5)
  A phantom (D:4)
  2 kobold brigands (Sewer)
  A scorpion (D:4)
  A quasit (Sewer)
  A hound (D:5)
  A jelly (D:4)
  An orc priest (D:4)
  A gnoll bouda (D:4)
  An iguana (D:4)
  Natasha (twice) (D:3)
  5 gnolls
  5 adders
  3 shadow imps (Sewer)
  2 ufetubi
  4 worms
  4 dart slugs
  4 orcs
  4 endoplasms
  12 giant cockroaches
  12 goblins
  10 hobgoblins
  2 jackals (D:1)
  4 quokkas
  6 ball pythons
  9 bats
  3 frilled lizards (D:1)
  16 kobolds
  A kobold zombie (Sewer)
  3 rats
124 creatures vanquished.

Vanquished Creatures (others)
  A kobold zombie (Sewer)
1 creature vanquished.

Grand Total: 125 creatures vanquished

Notes
Turn   | Place    | Note
-------+----------+-------------------------------------------
     0 | D:1      | Scypho the Kobold Hunter began the quest for the Orb.
     0 | D:1      | Reached XP level 1. HP: 12/12 MP: 1/1
    85 | D:1      | Reached XP level 2. HP: 17/17 MP: 2/2
   311 | D:1      | Reached skill level 6 in Ranged Weapons
   315 | D:1      | Found a faded altar of an unknown god.
   373 | D:1      | Reached XP level 3. HP: 21/21 MP: 3/3
   552 | D:1      | You fall into a shaft and drop 1 floor!
   598 | D:2      | Found Buudgher's General Store.
   598 | D:2      | Found Ywehejum's Antique Weapon Boutique.
   608 | D:2      | Bought a scroll of identify for 26 gold pieces
   747 | D:2      | Reached XP level 4. HP: 26/26 MP: 4/4
   923 | D:2      | Found Apairuem's Antique Weapon Boutique.
   978 | D:2      | Found Vosiqu's Distillery.
  1565 | D:3      | Reached skill level 7 in Ranged Weapons
  1681 | D:3      | Noticed Natasha
  1683 | D:3      | Killed Natasha
  1684 | D:3      | Reached XP level 5. HP: 30/30 MP: 5/5
  1703 | D:3      | Learned a level 3 spell: Swiftness
  1773 | D:3      | Found a white marble altar of Elyvilon.
  2161 | D:3      | Noticed Natasha
  2166 | D:3      | Killed Natasha
  2423 | D:4      | Reached skill level 8 in Ranged Weapons
  2423 | D:4      | Reached XP level 6. HP: 29/35 MP: 6/6
  2572 | D:4      | Found a snail-covered altar of Cheibriados.
  2593 | D:4      | Reached skill level 5 in Stealth
  2656 | D:4      | Noticed Sigmund
  2688 | D:4      | Killed Sigmund
  2689 | D:4      | Reached skill level 9 in Ranged Weapons
  2689 | D:4      | Reached XP level 7. HP: 16/40 MP: 7/7
  2820 | D:4      | Noticed Eustachio
  3337 | D:4      | Identified the +8 chain mail "Foropat" {*Corrode Str+3
                  | Dex+6}
  3711 | D:4      | Reached skill level 10 in Ranged Weapons
  4035 | D:5      | Entered Level 5 of the Dungeon
  4119 | D:5      | Found a staircase to the Ecumenical Temple.
  4131 | Temple   | Entered the Ecumenical Temple
  4453 | D:5      | Reached XP level 8. HP: 44/44 MP: 8/8
  4467 | D:5      | Found a glowing drain.
  4481 | Sewer    | Entered a sewer
  4644 | Sewer    | Noticed Grinder
  4658 | Sewer    | Reached skill level 11 in Ranged Weapons
  4703 | Sewer    | Killed Grinder
  4971 | Sewer    | Found a burning altar of Makhleb.
  5278 | D:5      | Found a runed translucent gate.
  5279 | D:5      | Found a runed translucent gate.
  5280 | D:5      | Found a runed translucent gate.
  5280 | D:5      | Found an opulent altar of Gozag.
  5284 | D:5      | Noticed insertapun's ghost (weakling SpDe)
  5303 | D:5      | Killed from afar by an acid dragon

Illustrated notes

Levels and vault maps discovered:
D:1:      sevenhm_arrival_forest_fort_small_3, layout_rooms,
          hellmonk_ecumenical_altar_arch_garden, serial_bayou_lagoon_b
D:2:      kennysheep_big_flooded_room, layout_rooms, serial_shops,
          nicolae_shop_hallway_stairs, shop, shop, shop, nrook_uturn
D:3:      layout_loops_ring, elyvilon_altar_1, minmay_goblin_outpost,
          uniq_natasha
D:4:      layout_cave_pods, cheibrodos_worm_habitat, uniq_sigmund,
          uniq_eustachio
D:5:      layout_basic, nicolae_wu_jian_immortal_techniques,
          minmay_temple_entry_grid, portal_sewer_entry_f, ebering_ghost_gozag,
          st_stairs_14, minmay_misc_feat_five, lemuel_flamethrower_1
Temple:   minmay_temple_curvy_branch

Skill      XL: |  1  2  3  4  5  6  7  8 |
---------------+-------------------------+-----
Stealth        | 2 3 4 5 6 8 |  8.0
Ranged Weapons | 6 7 8 9 10 11 | 11.7
Fighting       | |  2.1
Dodging        | |  2.4

Action                     |  1- 3 |  4- 6 |  7- 9 || total
---------------------------+-------+-------+-------++-------
  Melee: Unarmed           |     3 |       |       ||     3
         Dagger            |    13 |       |       ||    13
   Fire: Shortbow          |    72 |   112 |   232 ||   416
    Use: Scroll            |     2 |     2 |    11 ||    15
         Potion            |       |       |    10 ||    10
 Armour: Leather armour    |     5 |     3 |    76 ||    84
         Skin              |       |       |   150 ||   150
  Dodge: Dodged            |    33 |    31 |   245 ||   309
